 Dungeon Crawl Stone Soup version 0.30-a0-782-ge64f9170bb (webtiles) character file.

Game seed: 990886025321927549

82 senseless the Trooper (level 4, -9/37 HPs)
             Began as a Demonspawn Fighter on Mar 11, 2023.
             Mangled by an ogre
             ... wielding a +0 giant spiked club
              (25 damage)
             ... on level 3 of the Dungeon on Mar 13, 2023.
             The game lasted 00:06:55 (1655 turns).

senseless the Trooper (Demonspawn Fighter)          Turns: 1655, Time: 00:06:55

Health: -9/37      AC: 15    Str: 18    XL:     4   Next: 21%
Magic:  4/4        EV:  6    Int: 10    God:
Gold:   97         SH:  4    Dex: 12    Spells: 3/3 levels left

rFire   . . .      SeeInvis .    a - +0 war axe
rCold   . . .      Faith    .    c - +0 buckler
rNeg    . . .      Spirit   .    m - +2 chain mail {rPois}
rPois   +          Reflect  .    q - +0 helmet
rElec   .          Harm     .    (no cloak)
rCorr   .          Rampage  .    j - +1 pair of gloves
Will    .....                    (no boots) Stlth
                                 (no amulet)
HPRegen 0.26/turn                h - ring of flight
MPRegen 0.09/turn                (no ring)

@: mighty, flying
A: claws 1, rugged brown scales 1, powered by pain 1
a: no special abilities


You were on level 3 of the Dungeon.
You visited 1 branch of the dungeon, and saw 3 of its levels.

You collected 97 gold pieces.

Inventory:

Hand Weapons
 a - a +0 war axe (weapon)
Armour
 c - a +0 buckler (worn)
 j - a +1 pair of gloves (worn)
 m - a +2 chain mail of poison resistance (worn)
 q - a +0 helmet (worn)
Jewellery
 h - a ring of flight (left hand)
Scrolls
 b - a scroll of vulnerability {unknown}
Potions
 e - 2 potions of haste {unknown}
 g - 3 potions of lignification
 i - 4 potions of curing
 k - 2 potions of magic {unknown}
 o - a potion of cancellation {unknown}


   Skills:
 + Level 3.6 Fighting
 + Level 2.5 Axes
 + Level 3.2 Armour
 + Level 3.2 Shields


You had 3 spell levels left.
You didn't know any spells.
Your spell library contained the following spells:

 Spells                   Type           Power      Damage    Failure   Level
 Magic Dart               Conj           0%         1d3       100%        1
 Call Imp                 Summ           0%         N/A       100%        2
 Mephitic Cloud           Conj/Pois/Air  0%         N/A       100%        3


Dungeon Overview and Level Annotations

Branches:
Dungeon (3/15)

Altars:
Ru


Innate Abilities, Weirdness & Mutations

You have sharp fingernails.
You are partially covered in rugged brown scales. (AC +1, +3% HP)
You sometimes gain a little power by taking damage.


Message History

b - a scroll labelled ACOJOALARE An endoplasm and a rat come into view.
You block the rat's attack.
You hit the rat.
You kill the rat!
You hit the endoplasm.
The endoplasm is almost dead.
The endoplasm hits you but does no damage.
The endoplasm barely misses you.
You slash the endoplasm!
You kill the endoplasm!
No target in view!
No target in view!
No target in view!
No target in view!
No target in view!
No target in view!
No target in view!
An ogre comes into view. It is wielding a +0 giant spiked club.
The ogre shouts!
You feel very mighty all of a sudden.
Found a sling.
You completely miss the ogre. The ogre closely misses you.
You hit the ogre.
The ogre is lightly wounded.
The ogre hits you with a +0 giant spiked club!!
Ouch! That really hurt!
You focus on the pain.
You feel mightier all of a sudden.
You are too injured to fight recklessly!
You are too injured to fight recklessly!
You are too injured to fight recklessly!
You hit the ogre.
The ogre is moderately wounded.
You block the ogre's attack.
You slash the ogre!
The ogre is heavily wounded.
The ogre hits you with a +0 giant spiked club!!
Ouch! That really hurt!
You die...

.. ###+######.#
#..........# ....
#..........#
.....#.........#
.....#.........##
.....#.$..O......
....#...@.......
#+#............
#.............)
#######............
#.........#######..
#.#######.# # #.##
####..#####
#####.#####


You could see an ogre.

Vanquished Creatures
  Robin (D:2)
  An adder (D:2)
  2 worms (D:2)
  A dart slug (D:1)
  3 ball pythons
  2 endoplasms (D:3)
  2 giant cockroaches (D:1)
  9 goblins (D:2)
  6 hobgoblins
  2 jackals (D:2)
  5 kobolds
  2 quokkas
  3 bats
  5 frilled lizards
  8 rats
52 creatures vanquished.

Notes
Turn   | Place    | Note
-------+----------+-------------------------------------------
     0 | D:1      | senseless the Demonspawn Fighter began the quest for the
                  | Orb.
     0 | D:1      | Reached XP level 1. HP: 18/18 MP: 1/1
   220 | D:1      | Gained mutation: You sometimes gain a little power by
                  | taking damage. [demonic ancestry]
   220 | D:1      | Reached XP level 2. HP: 23/24 MP: 2/2
   882 | D:2      | Found a sacrificial altar of Ru.
   894 | D:2      | Gained mutation: You are partially covered in rugged brown
                  | scales. (AC +1, +3% HP) [demonic ancestry]
   894 | D:2      | Reached XP level 3. HP: 23/29 MP: 3/3
  1363 | D:2      | Noticed Robin
  1374 | D:2      | Killed Robin
  1375 | D:2      | Gained mutation: You have sharp fingernails. [demonic
                  | ancestry]
  1375 | D:2      | Reached XP level 4. HP: 4/37 MP: 4/4
  1648 | D:3      | Noticed an ogre
  1655 | D:3      | Mangled by an ogre

Illustrated notes

Levels and vault maps discovered:
D:1:      elethiomel_arrival_infinity_welcomes_careful_drivers, layout_basic
D:2:      layout_rooms, basic_altar, minmay_box_of_dots, uniq_robin
D:3:      layout_basic, reono_crystal_passage

Skill      XL: |  1  2 |
---------------+-------+-----
Axes           | 2 |  2.5
Armour         | 3 |  3.2
Shields        | 3 |  3.2
Fighting       | |  3.6

Action                     |  1- 3 |  4- 6 || total
---------------------------+-------+-------++-------
  Melee: War axe           |   139 |    19 ||   158
    Use: Scroll            |     2 |     3 ||     5
         Potion            |     1 |     1 ||     2
 Armour: Scale mail        |    53 |       ||    53
         Chain mail        |    30 |    12 ||    42
  Dodge: Dodged            |    61 |     7 ||    68
  Block: Buckler           |    28 |     4 ||    32

Table legend: (Time is in decaauts)
 A = Elapsed time spent in this place.
 B = Non-inter-level travel time spent in this place.
 C = Inter-level travel time spent in this place.
 D = Time resting spent in this place.
 E = Time spent auto-exploring this place.
 F = Levels seen in this place.
 G = Mean time per level.
                   A        B        C        D        E       F      G
               +--------+--------+--------+--------+--------+-----+--------+
         Total |   1721 |   1610 |    111 |     25 |   1185 |   3 |  573.7 |
       Dungeon |   1721 |   1610 |    111 |     25 |   1185 |   3 |  573.7 |
               +--------+--------+--------+--------+--------+-----+--------+

Top non-repeatable levels by time:
     D:1: 881 daAuts
     D:2: 793 daAuts
     D:3: 46 daAuts
